 Dungeon Crawl Stone Soup version 0.20-a0-492-g6327889 (webtiles) character file.

152775 AlphabetPasta the Scorcher (level 17, 0/115 HPs)
             Began as a Barachian Fire Elementalist on Jan 13, 2017.
             Was the Champion of Vehumet.
             Slain by an alligator snapping turtle (23 damage)
             ... on level 3 of the Shoals on Jan 15, 2017.
             The game lasted 05:16:57 (42799 turns).

AlphabetPasta the Scorcher (BaFE)                  Turns: 42799, Time: 05:16:58

Health: 0/115      AC:  8    Str:  8    XL:     17   Next: 59%
Magic:  31/53      EV: 14    Int: 27    God:    Vehumet [******]
Gold:   2036       SH:  9    Dex: 11    Spells: 3/43 levels left

rFire    + + .     SeeInvis +   c - staff of cold
rCold    + + .     Gourm    .   I - +0 steam dragon scales
rNeg     . . .     Faith    .   b - +0 buckler
rPois    +         Spirit   .   S - +3 hat of Pondering {ponderous, MR+ MP+10 Int+5}
rElec    .         Reflect  +   A - +0 cloak
rCorr    .         Harm     .   R - -3 pair of gloves of Xuelirche {+Blink rPois rF+ rC+ Stlth-}
MR       ++...                  M - +0 pair of boots
Stlth    +.........             E - +4 amulet of reflection
Regen    0.2/turn               G - ring of magical power
                                H - ring of Discretion {rPois rF+ Int+3 SInv}

@: barbed spikes, very slow
A: swims, slowness 1, strong legs 2
a: Hop, Renounce Religion, Evoke Blink


You were on level 3 of the Shoals.
You worshipped Vehumet.
Vehumet was exalted by your worship.
You were not hungry.

You visited 5 branches of the dungeon, and saw 27 of its levels.
You also visited: Volcano.

You collected 3460 gold pieces.
You spent 1424 gold pieces at shops.

Inventory:

Hand Weapons
 a - the +3 war axe "Hosybros" {freeze, rPois}
   (You took it off Blork the orc on level 6 of the Dungeon)

   It has been specially enchanted to freeze those struck by it, causing extra
   injury to most foes and up to half again as much damage against particularly
   susceptible opponents.
   It can also slow down cold-blooded creatures.
   It protects you from poison.
Armour
 b - a +0 buckler (worn)
 A - a +0 cloak (worn)
 I - +0 steam dragon scales (worn)
 M - a +0 pair of boots (worn)
 R - the -3 pair of gloves of Xuelirche (worn) {+Blink rPois rF+ rC+ Stlth-}
   (You acquired it on level 10 of the Dungeon)

   It protects you from fire.
   It protects you from cold.
   It protects you from poison.
   It lets you blink.
   It makes you less stealthy.
 S - the +3 hat of Pondering (worn) {ponderous, MR+ MP+10 Int+5}
   (You took it off Gastronok on level 2 of the Lair of Beasts)

   It affects your intelligence (+5).
   It affects your resistance to hostile enchantments.
   It affects your magic capacity (+10).
Magical Staves
 c - an uncursed staff of cold (weapon)
 D - an uncursed staff of air
Jewellery
 j - an uncursed ring of protection from fire
 m - an uncursed ring of flight
 q - an uncursed ring of fire
 E - a +4 amulet of reflection (around neck)
 G - a ring of magical power (right hand)
 H - the ring of Discretion (left hand) {rPois rF+ Int+3 SInv}
   (You bought it in a shop on level 2 of the Orcish Mines)

   [ring of see invisible]

   It affects your intelligence (+3).
   It protects you from fire.
   It protects you from poison.
   It lets you see invisible.
 W - an uncursed ring of resist corrosion
Wands
 e - a wand of paralysis (4/24)
 i - a wand of iceblast (8/15)
 s - a wand of paralysis (8/24)
 w - a wand of random effects (26/48)
 y - a wand of iceblast (6/15)
 z - a wand of digging (10/24)
 B - a wand of confusion (24/48)
 F - a wand of paralysis (10/24)
 P - a wand of iceblast (6/15)
 Q - a wand of confusion (7/48)
 T - a wand of iceblast (3/15)
 V - a wand of iceblast (3/15)
Scrolls
 k - 4 scrolls of amnesia
 n - a scroll of fear
 o - a scroll of magic mapping
 t - 3 scrolls of enchant weapon
 C - 3 scrolls of enchant armour
 K - 4 scrolls of teleportation
 O - 12 scrolls of remove curse
 X - 2 scrolls of recharging
 Z - 9 scrolls of identify
Potions
 g - 6 potions of might
 h - a potion of cancellation
 l - 3 potions of agility
 p - a potion of cure mutation
 u - 6 potions of flight
 x - 12 potions of curing
Comestibles
 f - 7 meat rations
 r - 8 beef jerkies
 v - 4 fruits
 U - 14 bread rations


   Skills:
 - Level 5.1 Fighting
 - Level 5.1 Staves
 + Level 2.5 Armour
 - Level 5.0 Dodging
 - Level 2.0 Stealth
 - Level 5.0 Shields
 * Level 13.8 Spellcasting
 + Level 12.4 Conjurations
 * Level 17.3 Fire Magic
 + Level 12.9 Ice Magic
 - Level 2.4 Air Magic
 - Level 6.0 Evocations


You had 3 spell levels left.
You knew the following spells:

 Your Spells              Type           Power        Failure   Level  Hunger
a - Freezing Cloud        Conj/Ice/Air   #######...   3%          6    ####...
c - Conjure Flame         Conj/Fire      #######.     1%          3    None
d - Sticky Flame          Conj/Fire      #######.     1%          4    None
e - Fireball              Conj/Fire      #######...   1%          5    ##.....
f - Bolt of Fire          Conj/Fire      #######...   1%          6    ####...
g - Searing Ray           Conj           ######       1%          2    None
h - Iskenderun's Mystic   Conj           ######..     1%          4    None
i - Throw Icicle          Conj/Ice       #######.     1%          4    None
j - Ozocubu's Refrigerat  Ice            #######...   1%          6    ####...


Dungeon Overview and Level Annotations

Branches:
Dungeon (15/15)            Temple (1/1) D:6            Lair (6/6) D:9
 Shoals (3/4) Lair:3        Snake (0/4) Lair:3        Slime (0/5) Lair:5
    Orc (2/2) D:12            Elf (0/3) Orc:2        Vaults (0/5) D:13
 Depths (0/5) D:15

Altars:
Ashenzari
Cheibriados
Dithmenos
Elyvilon
Fedhas
Gozag
Hepliaklqana
Kikubaaqudgha
Makhleb
Nemelex Xobeh
Okawaru
Qazlal
Ru
Sif Muna
Trog
Uskayaw
Vehumet
Xom
Yredelemnul
Zin
The Shining One

Shops:
D:6 *   D:7 [=%   D:8 *   D:9 %   Orc:2 }?[=   Shoals:2 [

Portals:
Trove: D:12 (give +7 demon trident)


Innate Abilities, Weirdness & Mutations

You can swim through water.
You cover ground slowly.
You can hop longer distances.


Message History

The alligator snapping turtle is heavily wounded.
The alligator snapping turtle bites you from afar!!
Evoke which item? (* to show all) (? for menu, Esc to quit)
Aiming: Paralyse (will waste charges)
Press: ? - help, Shift-Dir - straight line, f/p - alligator snapping turtle
Aim: an alligator snapping turtle (heavily wounded, chance to defeat MR: 29%)
The alligator snapping turtle easily resists.
Evoking this partially-identified wand wasted a few charges.
The alligator snapping turtle bites you from afar!
Evoke which item? (* to show all) (? for menu, Esc to quit)
Aiming: Paralyse (will waste charges)
Press: ? - help, Shift-Dir - straight line, f/p - alligator snapping turtle
Aim: an alligator snapping turtle (heavily wounded, chance to defeat MR: 29%)
The alligator snapping turtle easily resists.
Evoking this partially-identified wand wasted a few charges.
The alligator snapping turtle bites you from afar!!!
* * * LOW HITPOINT WARNING * * *
Magic courses through your body.
The alligator snapping turtle bites you from afar!!
You die...

..... ...≈≈≈≈
#.≈..###....≈≈≈≈
.....##....[≈≈≈ ......##
#.≈≈≈≈≈.....≈≈ P≈≈....##
#.≈≈≈≈≈....≈≈ ≈≈≈≈≈≈..#
#..≈.≈.....≈≈ ≈≈..≈≈≈.#
##..t.(....... ≈≈...≈.##
#.....$....... ≈.≈≈≈≈..#
#.....@.≈≈....
P≈≈≈≈≈≈.###..≈≈≈..≈≈....
≈≈≈≈≈≈≈......≈≈≈$.?..≈..
≈≈≈≈≈≈≈≈....≈≈........≈#
≈≈≈≈≈≈≈≈≈≈≈≈≈≈...≈..≈†≈.
≈≈≈≈≈≈≈≈≈≈≈≈≈≈≈.........
≈≈≈≈≈≈≈≈≈≈.≈≈≈≈≈≈......≈
≈≈≈≈≈≈≈≈≈..≈≈≈.≈.###....
≈≈≈≈≈≈≈≈≈≈≈≈≈≈..##


You could see an alligator snapping turtle.

Vanquished Creatures
  Nikola (Shoals:1)
  Gastronok (Lair:2)
  A kraken (Shoals:2)
  Kirke (Shoals:1)
  Agnes (D:15)
  3 ghouls
  A dire elephant (D:15)
  Azrael (D:15)
  A minotaur (Shoals:2)
  2 merfolk javelineers (Shoals:2)
  2 merfolk impalers (Shoals:2)
  A fire dragon (Lair:6)
  Fannar (D:11)
  An ogre mage (D:15)
  An ice dragon (Lair:6)
  A merfolk avatar (Shoals:3)
  A catoblepas (D:14)
  A centaur warrior (D:15)
  2 vault guards (D:13)
  A dancing weapon (Volcano)
  7 hydras
  2 satyrs (Shoals:2)
  11 two-headed ogres
  6 orc high priests
  Sonja (D:11)
  Nergalle (Lair:3)
  2 skeletal warriors (D:12)
  An unseen horror (D:15)
  3 sea snakes
  A swamp dragon (Lair:6)
  Pikel (D:6)
  2 lindwurms
  5 wizards
  2 necromancers (D:13)
  2 deep elf magi
  13 harpies
  8 orc knights
  A wolf spider (D:15)
  6 oklob plants
  A salamander (D:15)
  2 orc sorcerers (Orc:1)
  5 manticores
  6 cyclopes
  12 fauns
  5 ugly things
  11 elephants
  Maurice (D:12)
  3 centaur zombies
  5 merfolk sirens
  5 toenail golems (Volcano)
  6 black mambas
  7 torpor snails
  3 water nymphs
  Joseph (D:7)
  2 gargoyles
  4 centaur skeletons
  11 spiny frogs
  4 yaktaurs (D:15)
  9 komodo dragons
  2 kobold demonologists (D:15)
  3 rime drakes
  2 polar bears (Lair:6)
  3 meliai (Shoals:2)
  10 trolls
  9 merfolk
  2 wind drakes (Shoals:2)
  4 tyrant leeches (Lair:6)
  10 hippogriffs
  7 hornets (Lair:6)
  13 dream sheep
  12 blink frogs
  17 slime creatures
  6 snapping turtles
  Sigmund (D:3)
  A spriggan (D:7)
  3 wyverns
  3 vampires
  A spriggan (shapeshifter) (D:15)
  20 humans (D:13)
  A fire elemental (D:15)
  5 hogs (Shoals:1)
  46 yaks
  13 basilisks
  2 hungry ghosts
  3 steam dragons (Lair:6)
  6 wargs
  3 soldier ants
  2 acid dragons
  21 water moccasins
  3 hell hounds (D:15)
  5 porcupines
  2 ice beasts
  A hornet zombie (D:9)
  A swamp drake (Lair:6)
  2 eyes of draining
  2 phantoms
  4 sky beasts
  3 black bears
  49 orc warriors
  20 wolves
  17 ogres
  6 centaurs
  14 crocodiles
  Blork the orc (D:6)
  5 big kobolds
  18 bullfrogs
  4 wyvern zombies
  4 gnoll sergeants (D:12)
  7 earth elementals (D:14)
  Dowan (D:6)
  A wyvern skeleton (D:15)
  2 scorpions (D:12)
  15 killer bees
  9 wights
  4 howler monkeys
  10 crimson imps
  7 hounds
  5 jellies
  2 quasits (D:7)
  A bullfrog zombie (D:13)
  39 orc priests
  6 bullfrog skeletons
  A gnoll shaman (D:3)
  Natasha (thrice) (D:3)
  5 iguanas
  15 worker ants
  33 orc wizards
  2 hound skeletons
  4 mummies
  3 worker ant zombies
  Robin (D:1)
  6 gnolls
  14 adders
  7 shadow imps
  An adder skeleton (D:4)
  2 worms (D:2)
  2 dart slugs (D:2)
  10 leopard geckos
  108 orcs
  4 ball pythons
  6 giant cockroaches
  17 goblins
  17 hobgoblins
  11 jackals
  19 kobolds
  7 quokkas
  12 bats
  6 frilled lizards
  A quokka zombie (D:5)
  7 rats
  2 fungi (Lair:6)
  12 plants
1042 creatures vanquished.

Vanquished Creatures (others)
  A merfolk javelineer (Shoals:2)
  2 wizards (Volcano)
  A cyclops (D:13)
  Duvessa (D:6)
  An eye of draining (D:15)
  An orc wizard (D:6)
  A worker ant zombie (D:6)
  2 orcs (D:6)
  3 jackals (D:6)
  22 fungi
  29 plants
  8 tentacles (Shoals:2)
  A withered plant (D:13)
73 creatures vanquished.

Grand Total: 1115 creatures vanquished

Notes
Turn   | Place    | Note
-------+----------+-------------------------------------------
     0 | D:1      | AlphabetPasta the Barachian Fire Elementalist began the quest for the Orb.
     0 | D:1      | Reached XP level 1. HP: 13/13 MP: 3/3
   183 | D:1      | Reached XP level 2. HP: 19/19 MP: 3/5
   187 | D:1      | Learned a level 2 spell: Throw Flame
   260 | D:1      | Learned a level 2 spell: Throw Flame
   634 | D:1      | Reached XP level 3. HP: 24/24 MP: 2/6
  1175 | D:2      | Noticed Robin
  1406 | D:1      | Killed Robin
  1506 | D:2      | Reached skill level 4 in Fire Magic
  1556 | D:1      | Learned a level 3 spell: Conjure Flame
  1799 | D:2      | Reached XP level 4. HP: 30/30 MP: 5/8
  2152 | D:2      | Found a bloodstained altar of Trog.
  2702 | D:2      | Reached XP level 5. HP: 35/35 MP: 4/9
  3555 | D:3      | Reached skill level 5 in Fire Magic
  3558 | D:3      | Noticed Sigmund
  3729 | D:3      | Noticed Natasha
  3736 | D:3      | Killed Natasha
  3736 | D:3      | Reached XP level 6. HP: 20/41 MP: 3/10
  3744 | D:3      | Noticed Natasha
  3943 | D:3      | Killed Natasha
  4074 | D:3      | Killed Sigmund
  4074 | D:3      | Reached XP level 7. HP: 42/46 MP: 3/12
  4080 | D:3      | Learned a level 4 spell: Sticky Flame
  4330 | D:3      | Reached skill level 6 in Fire Magic
  4500 | D:3      | Noticed Natasha
  4509 | D:3      | Killed Natasha
  5210 | D:4      | Found a shadowy altar of Dithmenos.
  5401 | D:5      | Entered Level 5 of the Dungeon
  5456 | D:5      | Reached skill level 7 in Fire Magic
  5456 | D:5      | Reached XP level 8. HP: 36/52 MP: 4/14
  6024 | D:5      | Learned a level 5 spell: Fireball
  6746 | D:5      | Reached skill level 8 in Fire Magic
  6978 | D:6      | Reached skill level 5 in Spellcasting
  6978 | D:6      | Reached skill level 5 in Conjurations
  7084 | D:6      | Reached skill level 1 in Fighting
  7112 | D:6      | Noticed Blork the orc
  7255 | D:6      | Killed Blork the orc
  7264 | D:6      | Got a scorched war axe {freeze}
  7265 | D:6      | Identified the +3 war axe "Hosybros" {freeze, rPois} (You took it off Blork the orc on level 6 of the Dungeon)
  7377 | D:6      | Reached XP level 9. HP: 43/61 MP: 7/16
  7449 | D:6      | Noticed Dowan
  7548 | D:6      | Reached skill level 1 in Evocations
  7688 | D:6      | Noticed Pikel
  7694 | D:6      | Noticed Duvessa
  7700 | D:6      | Killed Pikel
  7700 | D:6      | Reached skill level 9 in Fire Magic
  7709 | D:6      | Killed Duvessa
  7757 | D:6      | Killed Dowan
  7880 | D:6      | Found a white marble altar of Elyvilon.
  7898 | D:6      | Found a staircase to the Ecumenical Temple.
  7913 | Temple   | Entered the Ecumenical Temple
  7961 | Temple   | Became a worshipper of Vehumet
  8026 | D:6      | Found Jaunoud's General Store.
  8056 | D:6      | Bought a potion of curing for 39 gold pieces
  8056 | D:6      | Bought a scroll of identify for 26 gold pieces
  8056 | D:6      | Bought a scroll of identify for 26 gold pieces
  8056 | D:6      | Bought a potion of cancellation for 104 gold pieces
  8056 | D:6      | Bought an uncursed ring of see invisible for 195 gold pieces
  8131 | D:7      | Reached skill level 1 in Staves
  8426 | D:7      | Found Miubofej's Antique Armour Shoppe.
  8443 | D:7      | Noticed Joseph
  8456 | D:7      | Killed Joseph
  8456 | D:7      | Reached XP level 10. HP: 16/67 MP: 4/19
  8734 | D:7      | Reached skill level 10 in Fire Magic
  9196 | D:7      | Found Vyocem's Food Boutique.
  9433 | D:7      | Found Jaotuell's Jewellery Boutique.
  9454 | D:7      | Upgraded the game from 0.20-a0-466-gc52d0eb to 0.20-a0-471-g521e6c5
  9627 | D:8      | Noticed a two-headed ogre
  9675 | D:7      | Killed a two-headed ogre
  9689 | D:7      | Reached * piety under Vehumet
  9689 | D:7      | Offered knowledge of Freeze by Vehumet.
  9692 | D:7      | Learned a level 1 spell: Freeze
 10430 | D:8      | Reached skill level 1 in Ice Magic
 10520 | D:8      | Found Vuyqaom's Assorted Antiques.
 10534 | D:8      | Bought a scroll labeled POZ GOEWAA for 26 gold pieces
 10534 | D:8      | Bought a scroll labeled QYIFOTS WOESUILY for 26 gold pieces
 10534 | D:8      | Bought a red potion for 23 gold pieces
 11469 | D:9      | Found a staircase to the Lair.
 11712 | D:9      | Reached skill level 11 in Fire Magic
 11858 | D:9      | Found Seadawyu's Food Emporium.
 12019 | D:9      | Reached XP level 11. HP: 24/72 MP: 13/21
 12947 | D:10     | Entered Level 10 of the Dungeon
 12953 | D:10     | Reached ** piety under Vehumet
 12953 | D:10     | Offered knowledge of Sandblast by Vehumet.
 13452 | D:10     | Identified a scroll of acquirement
 13453 | D:10     | Got a pair of transparent gloves
 13464 | D:10     | Identified the -3 pair of gloves of Xuelirche {+Blink rPois rF+ rC+ Stlth-} (You acquired it on level 10 of the Dungeon)
 13626 | D:10     | Reached skill level 5 in Ice Magic
 13756 | D:10     | Noticed a two-headed ogre
 13775 | D:10     | Killed a two-headed ogre
 13986 | D:11     | Noticed a green ugly thing
 13996 | D:11     | Killed a green ugly thing
 14076 | D:11     | Noticed Fannar
 14107 | D:11     | Killed Fannar
 14474 | D:11     | Noticed Sonja
 14478 | D:11     | Killed Sonja
 14478 | D:11     | Reached skill level 12 in Fire Magic
 15003 | D:11     | Noticed a green ugly thing
 15015 | D:11     | Killed a green ugly thing
 15193 | D:11     | Reached XP level 12. HP: 81/81 MP: 13/23
 15476 | D:11     | Offered knowledge of Searing Ray by Vehumet.
 15739 | D:11     | Learned a level 2 spell: Searing Ray
 15758 | D:12     | Noticed a two-headed ogre
 15768 | D:12     | Killed a two-headed ogre
 15969 | D:12     | Found a radiant altar of Vehumet.
 16012 | D:12     | Reached *** piety under Vehumet
 16086 | D:12     | Noticed a two-headed ogre
 16099 | D:12     | Killed a two-headed ogre
 16566 | D:12     | Found a staircase to the Orcish Mines.
 17094 | D:12     | Found a portal to a secret trove of treasure.
 17355 | D:12     | Offered knowledge of Iskenderun's Mystic Blast by Vehumet.
 17361 | D:12     | Learned a level 4 spell: Iskenderun's Mystic Blast
 17711 | D:12     | Noticed Maurice
 17944 | D:11     | Reached **** piety under Vehumet
 18270 | D:12     | Killed Maurice
 18607 | Lair:1   | Entered Level 1 of the Lair of Beasts
 18695 | Lair:1   | Reached skill level 13 in Fire Magic
 18742 | Lair:1   | Offered knowledge of Throw Icicle by Vehumet.
 18748 | Lair:1   | Learned a level 4 spell: Throw Icicle
 19036 | Lair:1   | Gained mutation: You can hop longer distances. [Barachian growth]
 19036 | Lair:1   | Reached XP level 13. HP: 88/88 MP: 23/25
 19119 | Lair:1   | Reached skill level 1 in Shields
 20207 | Lair:2   | Noticed Gastronok
 20225 | Lair:2   | Killed Gastronok
 20693 | Lair:3   | Noticed Nergalle
 20720 | Lair:3   | Killed Nergalle
 20986 | Lair:3   | Found a staircase to the Shoals.
 21067 | Lair:3   | Reached ***** piety under Vehumet
 21230 | Lair:3   | Found a staircase to the Snake Pit.
 21281 | Lair:3   | Offered knowledge of Bolt of Fire by Vehumet.
 22423 | Lair:4   | Reached skill level 10 in Conjurations
 22759 | Lair:4   | Learned a level 6 spell: Bolt of Fire
 22985 | Lair:4   | Reached skill level 14 in Fire Magic
 23023 | Lair:4   | Reached skill level 10 in Ice Magic
 23777 | Lair:5   | Found a dark tunnel.
 23797 | Volcano  | Entered a volcano
 23863 | Volcano  | Reached XP level 14. HP: 87/95 MP: 19/27
 24038 | Volcano  | Reached skill level 10 in Spellcasting
 24584 | Lair:5   | Upgraded the game from 0.20-a0-471-g521e6c5 to 0.20-a0-472-g5c05303
 24774 | Lair:5   | Got a scorched shield
 24785 | Lair:5   | Identified the +8 shield of Vlad {*Contam Dex+5 Stlth+} (You found it on level 5 of the Lair of Beasts)
 25221 | Lair:5   | Found a staircase to the Slime Pits.
 26007 | Lair:6   | Entered Level 6 of the Lair of Beasts
 27593 | Lair:6   | Got a transparent jade ring
 27608 | Lair:6   | Identified the ring of Life {*Slow rF++ Stlth-} (You found it on level 6 of the Lair of Beasts)
 27763 | Lair:6   | Found a runed door.
 27818 | Lair:6   | Reached skill level 15 in Fire Magic
 27838 | Lair:6   | Reached skill level 5 in Dodging
 27913 | Lair:6   | Offered knowledge of Ozocubu's Refrigeration by Vehumet.
 27913 | Lair:6   | Reached XP level 15. HP: 96/100 MP: 7/30
 29050 | Orc:1    | Entered Level 1 of the Orcish Mines
 29164 | Orc:2    | Entered Level 2 of the Orcish Mines
 30143 | Orc:2    | Found a staircase to the Elven Halls.
 30879 | Orc:1    | Reached skill level 5 in Fighting
 31169 | Orc:1    | Learned a level 6 spell: Ozocubu's Refrigeration
 31876 | Orc:2    | Offered knowledge of Irradiate by Vehumet.
 32577 | Orc:2    | Found Yfrecewy's Magic Scroll Shop.
 32580 | Orc:2    | Found Taceugh's Armour Boutique.
 32581 | Orc:2    | Found Basitin's Gadget Shop.
 32582 | Orc:2    | Found Momoud's Jewellery Shop.
 32588 | Orc:2    | Bought the ring of Discretion {rPois rF+ Int+3 SInv} for 671 gold pieces
 32592 | Orc:2    | Bought a scroll of teleportation for 36 gold pieces
 32592 | Orc:2    | Bought a scroll of teleportation for 36 gold pieces
 32592 | Orc:2    | Bought a scroll of teleportation for 36 gold pieces
 32592 | Orc:2    | Bought a scroll of enchant weapon for 90 gold pieces
 32592 | Orc:2    | Bought a scroll of enchant armour for 90 gold pieces
 32954 | D:13     | Noticed a ghoul
 33261 | D:12     | Killed a ghoul
 33691 | D:13     | Reached skill level 5 in Staves
 33848 | D:13     | Found a gate to the Vaults.
 33906 | D:13     | Upgraded the game from 0.20-a0-472-g5c05303 to 0.20-a0-492-g6327889
 33912 | D:13     | Reached skill level 16 in Fire Magic
 33936 | D:13     | Noticed a ghoul
 34085 | D:13     | Noticed a ghoul
 34088 | D:13     | Killed a ghoul
 34088 | D:13     | Reached XP level 16. HP: 99/109 MP: 22/32
 34558 | D:13     | Offered knowledge of Venom Bolt by Vehumet.
 34717 | D:13     | Reached skill level 1 in Armour
 36728 | D:15     | Entered Level 15 of the Dungeon
 36736 | D:15     | Reached ****** piety under Vehumet
 36843 | D:15     | Offered knowledge of Freezing Cloud by Vehumet.
 37193 | D:15     | Learned a level 6 spell: Freezing Cloud
 37207 | D:15     | Noticed Agnes
 37214 | D:15     | Killed Agnes
 37221 | D:15     | Reached skill level 1 in Air Magic
 37223 | D:15     | Noticed Azrael
 38242 | D:15     | Killed Azrael
 38470 | D:15     | Found a staircase to the Depths.
 39421 | Shoals:1 | Entered Level 1 of the Shoals
 39516 | Shoals:1 | Noticed Nikola
 39524 | Shoals:1 | Killed Nikola
 39524 | Shoals:1 | Reached skill level 5 in Shields
 39827 | Shoals:1 | Noticed Kirke
 39835 | Shoals:1 | Killed Kirke
 40272 | Shoals:1 | Reached XP level 17. HP: 115/115 MP: 34/34
 40376 | Shoals:1 | Offered knowledge of Conjure Ball Lightning by Vehumet.
 40919 | Shoals:2 | Reached skill level 5 in Evocations
 40929 | Shoals:2 | Found Plog's Antique Armour Boutique.
 41305 | Shoals:2 | Reached skill level 17 in Fire Magic
 41701 | Shoals:2 | Noticed a kraken
 41708 | Shoals:2 | Killed a kraken
 41956 | Shoals:2 | Found a hide-covered altar of Uskayaw.
 42525 | Shoals:3 | Offered knowledge of Bolt of Cold by Vehumet.
 42799 | Shoals:3 | Slain by an alligator snapping turtle

Vault maps used:
D:1:      dpeg_arrival_three_same_balls, minmay_misc_feat_x, minmay_tetromino_l4
D:2:      first_bread, bloody_trog, uniq_robin
D:3:      uniq_sigmund, uniq_natasha
D:4:      grunt_dithmenos_smoke_and_mirrors
D:6:      basic_altar, serial_shops, shop_coins, uniq_pikel, uniq_blork_the_orc,
          uniq_duvessa
D:7:      serial_shops, kennysheep_mini_moat, kennysheep_little_box,
          nicolae_shop_stone, the_bakery, uniq_joseph
D:8:      serial_shops, shop
D:9:      david_lair_shrubbed, serial_shops, nicolae_shop_crystal, hex_medium
D:11:     kennysheep_pointless_box, uniq_sonja, uniq_fannar
D:12:     kennysheep_orc_monster_closet_entryway, enter_trove_1, basic_altar,
          uniq_maurice
D:13:     grunt_vaults_entry_tiered, serial_undead, serial_undead_d,
          serial_undead_a, serial_undead_b, serial_undead_b, serial_park_tiny_2
D:14:     serial_park_tiny_pond, minivault_25, minivault_16,
          hangedman_cracks_in_the_wall
D:15:     hangedman_depths_entry_try_elsewhere_first, uniq_azrael, uniq_agnes
Temple:   grunt_wide_crystal_templ
Lair:1:   dpeg_oklob_gauntlet, grunt_megastairs_1
Lair:2:   uniq_gastronok
Lair:3:   minmay_shoals_entry_beasts, minmay_snake_entry_six_corridors,
          minivault_25, uniq_nergalle
Lair:4:   hangedman_lair_generics_rect
Lair:5:   minmay_slime_entry_oklob_open, nicolae_volcano_entry_vermiform,
          minivault_19, minmay_lair_oklob_chamber
Lair:6:   wormcave, guppyfry_lair_end_dragon, lab_entry_generic, st_stairs_6,
          grunt_megastairs_5, lemuel_fruit_tree
Shoals:1: uniq_kirke, uniq_nikola
Shoals:2: serial_shops, nicolae_shop_crystal, regret_index_shoals_crete
Shoals:3: nicolae_shoals_this_corrosion
Orc:2:    st_orc_pillars, mines5_lemuel
Volcano:  volcano_bunker

Skill      XL: |  1  2  3  4  5  6  7  8  9 10 11 12 13 14 15 16 17 |
---------------+----------------------------------------------------+-----
Fire Magic     | 4 5 7 8 9 11 12 13 14 15 16 17 | 17.3
Conjurations   | 2 3 4 5 6 7 8 9 10 11 12 | 12.4
Spellcasting   | 3 4 5 6 7 8 9 11 12 13 | 13.8
Fighting       | 2 3 4 5 |  5.1
Evocations     | 2 3 4 6 |  6.0
Staves         | 2 3 4 5 |  5.1
Ice Magic      | 3 6 9 10 11 12 | 12.9
Dodging        | 3 5 |  5.0
Shields        | 4 5 |  5.0
Armour         | 2 |  2.5
Air Magic      | 2 |  2.4
Stealth        | |  2.0

Action                   |  1- 3 |  4- 6 |  7- 9 | 10-12 | 13-15 | 16-18 || total
-------------------------+-------+-------+-------+-------+-------+-------++-------
Melee: Unarmed           |     3 |       |       |       |       |       ||     3
       Dagger            |    11 |    24 |    39 |       |       |       ||    74
       War axe           |       |       |       |    43 |    78 |    19 ||   140
 Cast: Flame Tongue      |    65 |   113 |   247 |   388 |   315 |    55 ||  1183
       Throw Flame       |       |     5 |     8 |    61 |    54 |    10 ||   138
       Sticky Flame      |       |       |    13 |    75 |   119 |    32 ||   239
       Conjure Flame     |       |       |       |    25 |    20 |     4 ||    49
       Freeze            |       |       |       |     7 |       |       ||     7
       Fireball          |       |       |       |    20 |   119 |   126 ||   265
       Searing Ray       |       |       |       |    29 |    32 |    10 ||    71
       Iskenderun's Myst |       |       |       |    12 |   182 |   175 ||   369
       Throw Icicle      |       |       |       |       |   162 |   110 ||   272
       Bolt of Fire      |       |       |       |       |    11 |    11 ||    22
       Ozocubu's Refrige |       |       |       |       |     2 |     1 ||     3
       Freezing Cloud    |       |       |       |       |       |     4 ||     4
 Abil: Hop               |       |     2 |     2 |    13 |    19 |     7 ||    43
       Evoke Blink       |       |       |       |       |     6 |     3 ||     9
Evoke: Wand              |       |       |       |     2 |     5 |     5 ||    12
  Use: Scroll            |     3 |     4 |     8 |    14 |    11 |     7 ||    47
       Potion            |       |     1 |     3 |     8 |     9 |     2 ||    23
 Stab: Sleeping          |       |     1 |     2 |     2 |       |       ||     5
       Invisible         |       |       |       |     1 |       |       ||     1
  Eat: Chunk             |     4 |     7 |    13 |    24 |    52 |    33 ||   133
       Bread ration      |       |     1 |       |       |     1 |       ||     2
       Fruit             |       |       |     2 |    12 |    13 |     6 ||    33
       Meat ration       |       |       |       |     3 |     1 |       ||     4
       Pizza             |       |       |       |     1 |     2 |       ||     3
       Royal jelly       |       |       |       |     1 |       |       ||     1
Armor: Robe              |     7 |    28 |    48 |    84 |    45 |       ||   212
       Steam dragon scal |       |       |       |       |    33 |    28 ||    61
Dodge: Dodged            |    36 |    58 |    91 |   185 |   207 |    74 ||   651
Block: Other             |       |       |       |    16 |    16 |       ||    32
       Reflection        |       |       |       |     1 |    12 |    25 ||    38
       Buckler           |       |       |       |       |   110 |    76 ||   186
